 Dungeon Crawl Stone Soup version 0.27.0-65-ge2af304b15 (webtiles) character file.

Game seed: 8806202825600891027

355266 bnorton916 the Pyromancer (level 21, -7/98 HPs)
             Began as a Deep Elf Conjurer on Aug 18, 2021.
             Was the Champion of Vehumet.
             Shot with a bolt by a yaktaur captain (41 damage)
             ... on level 5 of the Vaults.
             The game lasted 03:50:12 (93294 turns).

bnorton916 the Pyromancer (Deep Elf Conjurer)      Turns: 93294, Time: 03:50:13

Health: -7/98      AC: 20    Str:  7    XL:     21   Next: 37%
Magic:  18/49      EV: 15    Int: 34    God:    Vehumet [******]
Gold:   1989       SH: 11    Dex: 19    Spells: 5/47 levels left

rFire    . . .     SeeInvis +   Y - +7 spear "Fommuish" {vorpal, rElec MP+9 Dex+4}
rCold    . . .     Faith    .   b - +3 buckler {AC+3}
rNeg     . . .     Spirit   .   T - +0 acid dragon scales
rPois    .         Reflect  .   p - +1 helmet {Int+3}
rElec    +         Harm     .   Z - +1 cloak
rCorr    +         Rampage  ∞   F - +0 pair of gloves {Stlth+}
Will     +++..                  l - +3 pair of seven-league boots {Rampage+∞}
Stlth    +++.......             m - amulet "Igeubaew" {Acrobat Will+ Dex+2}
HPRegen  0.26/turn              X - ring of wizardry
MPRegen  0.31/turn              L - ring of see invisible

@: no status effects
A: no striking features
}: 2/15 runes: barnacled, gossamer
a: Renounce Religion


You were on level 5 of the Vaults.
You worshipped Vehumet.
Vehumet was exalted by your worship.
You visited 7 branches of the dungeon, and saw 37 of its levels.
You also visited: Sewer.

You collected 3964 gold pieces.
You spent 1975 gold pieces at shops.

Inventory:

Hand Weapons
 Y - the +7 spear "Fommuish" (weapon) {vorpal, rElec MP+9 Dex+4}
   (You found it on level 2 of the Lair of Beasts)

   It inflicts extra damage upon your enemies.
   Dex:       It affects your dexterity (+4).
   rElec:     It insulates you from electricity.
   MP:        It affects your magic capacity (+9).
Missiles
 D - 13 throwing nets
Armour
 b - a +3 buckler of protection (worn)
 e - a +1 pair of boots of stealth
 l - the +3 pair of seven-league boots (worn) {Rampage+∞}
   (You found it on level 2 of the Shoals)

   Its wearer moves as far as possible in that direction when moving towards
   enemies.
 p - a +1 helmet of intelligence (worn)
 F - a +0 pair of gloves of stealth (worn)
 T - +0 acid dragon scales (worn)
 Z - a +1 cloak (worn)
Magical Staves
 d - a staff of cold
 y - a staff of conjuration
Jewellery
 a - an amulet of reflection
 m - the amulet "Igeubaew" (around neck) {Acrobat Will+ Dex+2}
   (You acquired it on level 1 of the Lair of Beasts)

   [amulet of the acrobat]

   It increases your evasion while moving and waiting.
   Dex:       It affects your dexterity (+2).
   Will:      It increases your willpower.
 n - a ring of flight
 r - the ring "Pakkyrac" {Fly rC+ Dex+5}
   (You bought it in a shop on level 2 of the Orcish Mines)

   [ring of flight]

   Dex:       It affects your dexterity (+5).
   rC:        It protects you from cold.
   Fly:       It grants you flight.
 t - an amulet of regeneration
 x - a ring of poison resistance
 B - a +6 ring of strength
 E - an amulet of faith
 L - a ring of see invisible (right hand)
 N - a +6 ring of intelligence
 X - a ring of wizardry (left hand)
Wands
 w - a wand of mindburst (44)
 C - a wand of flame (166)
 K - a wand of iceblast (47)
 P - a wand of polymorph (28)
 Q - a wand of acid (16)
 S - a wand of paralysis (10)
 U - a wand of charming (5)
Scrolls
 f - a scroll of blinking
 h - 2 scrolls of brand weapon
 s - 7 scrolls of teleportation
 v - 10 scrolls of fog
 z - 5 scrolls of fear
 G - a scroll of amnesia
 H - a scroll of holy word
 I - 5 scrolls of silence
 M - 2 scrolls of enchant weapon
 V - 4 scrolls of magic mapping
Potions
 c - 13 potions of curing
 g - 5 potions of cancellation
 i - 3 potions of heal wounds
 j - 12 potions of brilliance
 k - 10 potions of haste
 o - 3 potions of might
 q - a potion of magic
 u - 2 potions of lignification
 A - 7 potions of flight
 J - a potion of berserk rage
 R - 3 potions of resistance
 W - a potion of invisibility
Miscellaneous
 O - a condenser vane


   Skills:
 - Level 5.0 Armour
 - Level 7.3 Dodging
 - Level 2.4 Stealth
 - Level 12.6 Shields
 - Level 13.9 Spellcasting
 - Level 15.6 Conjurations
 - Level 21.4 Hexes
 - Level 9.6 Translocations
 + Level 24.2 Fire Magic
 - Level 9.7 Earth Magic


You had 5 spell levels left.
You knew the following spells:

 Your Spells              Type           Power      Damage    Failure   Level
a - Magic Dart            Conj           100%       1d8       0%          1
b - Searing Ray           Conj           100%       3d7       0%          2
c - Fulminant Prism       Conj/Hex       49%        3d21      0%          4
d - Iskenderun's Mystic   Conj/Tloc      83%        2d16      1%          4
e - Blink                 Tloc           N/A        N/A       1%          2
f - Ignition              Fire           56%        3d15      1%          8
g - Corona                Hex            100%       N/A       0%          1
h - Discord               Hex            53%        N/A       1%          8
j - Orb of Destruction    Conj           46%        9d15      1%          7
k - Bolt of Magma         Conj/Fire/Erth 47%        4d19      1%          5

Your spell library contained the following spells:

 Spells                   Type           Power      Damage    Failure   Level
 Fire Storm               Conj/Fire      51%        8d13      10%         9
 Chain Lightning          Conj/Air       33%        3d44      100%        9
 Polar Vortex             Ice            11%        N/A       100%        9
 Foxfire                  Conj/Fire      100%       2x1d9     0%          1
 Slow                     Hex            100%       N/A       0%          2
 Confusing Touch          Hex            100%       N/A       0%          3
 Conjure Flame            Conj/Fire      100%       6-21      0%          3
 Dazzling Flash           Conj/Hex       100%       N/A       0%          3
 Inner Flame              Hex/Fire       100%       N/A       0%          3
 Portal Projectile        Hex/Tloc       100%       N/A       0%          3
 Tukima's Dance           Hex            100%       N/A       0%          3
 Cause Fear               Hex            53%        N/A       0%          4
 Sticky Flame             Conj/Fire      100%       2d11      0%          4
 Beastly Appendage        Tmut           46%        N/A       1%          1
 Shock                    Conj/Air       100%       1d9       1%          1
 Summon Small Mammal      Summ           92%        N/A       1%          1
 Call Imp                 Summ           23%        N/A       1%          2
 Corpse Rot               Necr/Air       N/A        N/A       1%          2
 Ensorcelled Hibernation  Hex/Ice        100%       N/A       1%          2
 Passwall                 Tmut/Erth      45%        N/A       1%          2
 Sublimation of Blood     Necr           11%        N/A       1%          2
 Wereblood                Tmut           23%        N/A       1%          2
 Frozen Ramparts          Ice            46%        1d6       1%          3
 Gell's Gravitas          Tloc           36%        N/A       1%          3
 Lesser Beckoning         Tloc           36%        N/A       1%          3
 Mephitic Cloud           Conj/Pois/Air  56%        N/A       1%          3
 Stone Arrow              Conj/Erth      100%       3d13      1%          3
 Teleport Other           Tloc           73%        N/A       1%          3
 Animate Armour           Summ/Erth      100%       N/A       1%          4
 Passage of Golubria      Tloc           N/A        N/A       1%          4
 Petrify                  Tmut/Erth      54%        N/A       1%          4
 Freezing Cloud           Conj/Ice/Air   28%        6-21      1%          5
 Irradiate                Conj/Tmut      33%        3d25      1%          5
 Lee's Rapid Deconstruct  Erth           37%        3d19*     1%          5
 Manifold Assault         Tloc           73%        N/A       1%          5
 Metabolic Englaciation   Hex/Ice        38%        N/A       1%          5
 Silence                  Hex/Air        38%        N/A       1%          5
 Summon Mana Viper        Hex/Summ       77%        N/A       1%          5
 Yara's Violent Unravell  Hex/Tmut       38%        3d15      1%          5
 Airstrike                Air            11%        N/A       3%          4
 Call Canine Familiar     Summ           23%        N/A       4%          3
 Ozocubu's Armour         Ice            23%        N/A       4%          3
 Spider Form              Tmut/Pois      11%        N/A       4%          3
 Swiftness                Air            23%        N/A       4%          3
 Vampiric Draining        Necr           11%        2d7       4%          3
 Borgnjor's Vile Clutch   Necr/Erth      27%        N/A       4%          5
 Summon Forest            Summ/Tloc      27%        N/A       4%          5
 Ice Form                 Ice/Tmut       23%        N/A       12%         4
 Summon Ice Beast         Ice/Summ       23%        N/A       12%         4
 Summon Lightning Spire   Summ/Air       23%        N/A       12%         4
 Blade Hands              Tmut           11%        N/A       32%         5
 Iron Shot                Conj/Erth      41%        9d8       1%          6
 Starburst                Conj/Fire      51%        6d14      1%          6
 Conjure Ball Lightning   Conj/Air       33%        3x3d11    2%          6
 Dispersal                Tloc           36%        N/A       3%          6
 Lehudib's Crystal Spear  Conj/Erth      41%        10d10     12%         8
 Disjunction              Tloc           36%        N/A       80%         8
 Death Channel            Necr           11%        N/A       86%         6
 Shadow Creatures         Summ           N/A        N/A       86%         6
 Simulacrum               Ice/Necr       11%        N/A       86%         6
 Ozocubu's Refrigeration  Ice            11%        4d7       88%         7
 Shatter                  Erth           37%        3d29*     98%         9
 Storm Form               Tmut/Air       11%        N/A       100%        7
 Maxwell's Capacitive Co  Air            11%        ∞         100%        8


Dungeon Overview and Level Annotations

Branches:
Dungeon (15/15)            Temple (1/1) D:6            Lair (6/6) D:9
 Shoals (4/4) Lair:4       Spider (4/4) Lair:2        Slime (0/5) Lair:6
    Orc (2/2) D:10            Elf (0/3) Orc:2        Vaults (5/5) D:13
  Crypt (0/3) Vaults:3     Depths (0/5) D:15          Sewer (visited)

Altars:
Cheibriados
Dithmenos
Elyvilon
Fedhas
Hepliaklqana
Kikubaaqudgha
Makhleb
Nemelex Xobeh
Okawaru
Sif Muna
Uskayaw
Vehumet
Xom
Zin
Beogh
Jiyva

Shops:
D:6 ([!   D:7 (*   D:12 (   Orc:1 [=*   Orc:2 ((**


Message History

Confirm with . or Enter, or press ? or * to list all spells.
Aiming: Orb of Destruction (dangerous; 1% risk of failure)
Press: ? - help, Shift-Dir - straight line, f - yaktaur captain, p - frost giant
Aim: a yaktaur captain, wielding a +0 arbalest and quivering bolts The orb of destruction hits the frost giant!!!
The frost giant is severely wounded.
The yaktaur captain shoots a bolt.
You block the bolt.
The frost giant points at you and mumbles some strange words.
The bolt of cold misses you. The ancient lich casts a spell at you.
You easily resist.
Casting: Orb of Destruction (dangerous; 1% risk of failure)
Confirm with . or Enter, or press ? or * to list all spells.
Aiming: Orb of Destruction (dangerous; 1% risk of failure)
Press: ? - help, Shift-Dir - straight line, f - ancient lich, p - yaktaur captain
Aim: an ancient lich (slightly transparent)
The yaktaur captain shoots a bolt.
You block the bolt.
Unknown command.
Casting: Orb of Destruction (dangerous; 1% risk of failure)
Confirm with . or Enter, or press ? or * to list all spells.
Aiming: Orb of Destruction (dangerous; 1% risk of failure)
Press: ? - help, Shift-Dir - straight line, f - frost giant, p - ancient lich
Aim: a frost giant, wielding a +1 battleaxe of freezing and wearing a +6 ring of intelligence (severely wounded)
The orb of destruction hits the ancient lich!!!
The ancient lich is heavily damaged.
The yaktaur captain shoots a bolt.
The bolt hits you!! The ancient lich casts a spell at you.
The bolt of acid hits you!! You resist.
You are splashed with acid.
You resist.
Casting: Orb of Destruction (dangerous; 1% risk of failure)
Confirm with . or Enter, or press ? or * to list all spells.
You erupt in a blast of force!
The mystic blast hits the ancient lich.
The ancient lich is heavily damaged.
The ancient lich is knocked back by the mystic blast.
The mystic blast hits the frost giant!
The frost giant is severely wounded.
The frost giant is knocked back by the mystic blast.
The orb of destruction hits the yaktaur captain!!!
The yaktaur captain is almost dead.
The yaktaur captain shoots a bolt.
The bolt hits you!!!
You die...

..)......)...#.#....#
##.##..##.##...#..(.# .
##.##..##.##.#.#....# .c.
..........)L...#[.*[#)○.)
.#.#.#.#.#.#.#.#J○..#°○).
.L.........=[)[.☼[C[○....
##############[)○[.○).###
.....○[○°○.[....
:[[...○@(?<.[...
..[....(<<..[...
...........[....
#####..[[[...###
#.....[......
....#[...#....
....##....#.[#. ...#
#....# .# ..# #....# #


You could see an ancient lich (invisible), a frost giant (ally target), a
yaktaur captain and a jelly.

Vanquished Creatures
  2 dread liches (Vaults:4)
  An ancient lich (Vaults:4)
  A golden dragon (Vaults:5)
  Arachne (Spider:2)
  A tentacled monstrosity (Vaults:5)
  A lich (Vaults:4)
  A quicksilver dragon (Vaults:3)
  A kraken (Shoals:3)
  Gastronok (Lair:3)
  4 sphinxes (Vaults:4)
  2 shadow dragons
  Kirke (Lair:4)
  Agnes (D:14)
  3 storm dragons (Vaults:5)
  2 tengu reavers
  A deep elf sorcerer (Vaults:5)
  An iron dragon (Vaults:5)
  5 frost giants
  5 vault wardens
  3 orc warlords
  4 ghost moths
  Louise (Spider:4)
  Aizul (Vaults:1)
  2 ghouls (Vaults:3)
  5 ironbound preservers
  7 emperor scorpions
  3 war gargoyles
  2 very ugly things
  5 spark wasps
  3 entropy weavers
  3 dire elephants (Vaults:1)
  3 merfolk javelineers (Shoals:4)
  A crystal guardian (Vaults:4)
  2 fire dragons
  2 deep elf death magi (Vaults:3)
  2 ettins
  7 yaktaur captains
  10 merfolk impalers
  6 ironbound thunderhulks
  Erolcha (D:9)
  2 peacekeepers
  18 vault guards
  4 catoblepae (Lair:6)
  2 boulder beetles
  11 hydras
  4 merfolk avatars
  2 alligator snapping turtles
  7 ironbound frosthearts
  8 merfolk aquamancers
  3 ogre magi
  10 centaur warriors
  6 two-headed ogres
  6 death yaks
  2 ironbound beastmasters (Vaults:3)
  4 tengu warriors
  A satyr (Shoals:4)
  A deep troll earth mage (Vaults:5)
  A hell knight (D:15)
  Urug (Lair:5)
  Sonja (Orc:2)
  4 orc high priests (Orc:2)
  A soul eater (Vaults:3)
  A deep elf knight (D:12)
  2 fire crabs
  4 skeletal warriors
  7 sea snakes
  17 deep trolls
  A glowing orange brain (Vaults:3)
  A lindwurm (Vaults:3)
  10 wizards
  5 deep elf pyromancers
  12 orc knights
  16 harpies
  A phantasmal warrior (Vaults:4)
  11 ironbound convokers
  3 necromancers
  19 orb spiders
  3 oklob plants
  3 orc sorcerers (Orc:2)
  25 wolf spiders
  12 fauns
  A tengu skeleton (Vaults:4)
  20 ugly things
  25 manticores
  9 cyclopes
  8 merfolk sirens
  3 moths of wrath
  11 elephants
  Maurice (D:8)
  A human skeleton (Vaults:4)
  8 black mambas
  6 centaur zombies
  8 vault sentinels
  6 water nymphs
  25 jumping spiders
  Psyche (D:8)
  A rime drake (Lair:5)
  Maggie (D:8)
  12 cane toads
  A human zombie (Vaults:4)
  6 komodo dragons
  A kobold demonologist (D:11)
  17 demonic crawlers
  2 freezing wraiths
  A tengu conjurer (D:13)
  31 yaktaurs
  2 efreet
  28 merfolk
  3 polar bears
  8 trolls
  29 slime creatures
  6 hornets
  Grinder (Sewer)
  Prince Ribbit (D:8)
  11 snapping turtles
  16 blink frogs
  4 wind drakes
  22 dream sheep
  A vampire (D:12)
  6 wyverns
  67 redbacks
  A yak (shapeshifter) (D:14)
  2 shadows (D:11)
  A tarantella (shapeshifter) (Vaults:3)
  32 tarantellas
  20 water elementals
  6 hogs (Lair:4)
  2 basilisks
  54 yaks
  A redback simulacrum (D:15)
  5 wargs
  7 vampire mosquitoes
  A warg (shapeshifter) (D:12)
  2 acid dragons (D:9)
  18 water moccasins
  2 human simulacra (Vaults:3)
  An ogre skeleton (Vaults:4)
  47 orc warriors
  A swamp drake (D:10)
  12 ogres
  3 sky beasts
  2 black bears (Lair:4)
  An ice beast (shapeshifter) (D:14)
  A necrophage (Sewer)
  5 wolves (Lair:3)
  14 centaurs
  A boggart (D:13)
  A phantom (D:5)
  6 kobold brigands
  17 bullfrogs
  A wyvern zombie (D:7)
  A gnoll sergeant (D:10)
  A glowing shapeshifter simulacrum (Vaults:4)
  A scorpion (D:7)
  A wyvern skeleton (D:7)
  An oklob sapling (D:13)
  3 killer bees (D:9)
  A vampire bat (D:4)
  6 wights
  4 electric eels
  6 howler monkeys
  A crimson imp (D:10)
  A bullfrog zombie (D:6)
  4 hounds
  31 orc priests
  2 gnoll shamans
  A bullfrog skeleton (D:5)
  6 centaur skeletons
  An iron imp (D:10)
  3 iguanas (D:6)
  35 orc wizards
  A hound zombie (D:5)
  A hound skeleton (D:4)
  A howler monkey skeleton (D:4)
  6 adders
  19 gnolls
  5 shadow imps
  A white imp (D:10)
  5 ufetubi
  An adder zombie (Sewer)
  3 worms
  A worm (shapeshifter) (Vaults:5)
  A dart slug (D:3)
  104 orcs
  6 endoplasms
  7 giant cockroaches
  3 goblins (D:1)
  6 hobgoblins
  9 jackals
  4 quokkas
  18 ball pythons
  13 bats
  2 frilled lizards
  31 kobolds
  A kobold zombie (Sewer)
  7 rats
  4 tentacles (Shoals:3)
1408 creatures vanquished.

Vanquished Creatures (collateral kills)
  An ancient lich (Vaults:5)
  A golden dragon (Vaults:5)
  2 titans (Vaults:5)
  A quicksilver dragon (Vaults:5)
  A frost giant (Vaults:4)
  An orc warlord (Vaults:1)
  5 vault wardens
  8 ironbound preservers
  A war gargoyle (Vaults:5)
  A dire elephant (Vaults:1)
  A merfolk javelineer (Shoals:3)
  An ettin (Vaults:5)
  A great orb of eyes (Vaults:1)
  15 vault guards
  3 yaktaur captains
  3 ironbound frosthearts
  A satyr (Shoals:3)
  6 two-headed ogres
  4 centaur warriors (Vaults:2)
  2 ironbound beastmasters (Vaults:1)
  A sea snake (Shoals:3)
  17 deep trolls
  A glowing orange brain (Vaults:3)
  3 ironbound convokers
  A wizard (Vaults:2)
  A phantasmal warrior (Vaults:5)
  5 harpies
  An orc knight (Vaults:3)
  An orc sorcerer (Orc:2)
  8 ugly things (Vaults:3)
  A cyclops (Orc:2)
  2 fauns (Shoals:3)
  3 vault sentinels
  3 kobold demonologists (D:11)
  14 yaktaurs
  A freezing wraith (Vaults:5)
  2 jumping spiders
  A jumping spider (shapeshifter) (Vaults:5)
  3 slime creatures
  7 redbacks
  2 tarantellas (Spider:1)
  A warg (Orc:2)
  4 orc warriors (Orc:2)
  4 ogres
  5 centaurs (D:12)
  2 orc priests
  20 orcs (Orc:2)
  A kobold (D:11)
  A fulminant prism (D:11)
175 creatures vanquished.

Vanquished Creatures (others)
  3 vault wardens
  A stone giant (Vaults:5)
  A very ugly thing (Vaults:5)
  An ettin (Vaults:5)
  A yaktaur captain (Vaults:2)
  A deep elf high priest (Vaults:5)
  2 vault guards
  A deep troll (Vaults:3)
  A two-headed ogre (Vaults:5)
  A harpy (Shoals:1)
  A wolf spider (Spider:4)
  3 orc knights
  3 ugly things
  2 yaktaurs
  A slime creature (Vaults:2)
  2 redbacks
  2 orc warriors (Orc:2)
  2 orc wizards
  4 orcs (D:10)
  7 kobolds
  3 bushes
  212 fulminant prisms
  41 fungi
  276 plants
  2 tentacles (Shoals:3)
574 creatures vanquished.

Grand Total: 2157 creatures vanquished

Notes
Turn   | Place    | Note
-------+----------+-------------------------------------------
     0 | D:1      | bnorton916 the Deep Elf Conjurer began the quest for the
                  | Orb.
     0 | D:1      | Reached XP level 1. HP: 10/10 MP: 6/6
   253 | D:1      | Reached XP level 2. HP: 15/15 MP: 2/8
   681 | D:1      | Reached skill level 5 in Conjurations
   681 | D:1      | Reached XP level 3. HP: 19/19 MP: 6/10
   684 | D:1      | Learned a level 2 spell: Searing Ray
  1389 | D:2      | Found a faded altar of an unknown god.
  1881 | D:3      | Reached XP level 4. HP: 24/24 MP: 8/12
  2149 | D:3      | Got the Handbook of Dusty Hexes
  2156 | D:3      | Learned a level 4 spell: Fulminant Prism
  2161 | D:3      | Learned a level 4 spell: Iskenderun's Mystic Blast
  2913 | D:4      | Reached skill level 5 in Spellcasting
  2991 | D:4      | Reached XP level 5. HP: 28/28 MP: 6/15
  3507 | D:4      | Found a glowing drain.
  3524 | Sewer    | Entered a sewer
  3793 | Sewer    | Reached skill level 1 in Hexes
  3902 | Sewer    | Reached skill level 1 in Translocations
  4010 | Sewer    | Reached XP level 6. HP: 32/32 MP: 5/16
  4459 | Sewer    | Found an ancient bone altar of Kikubaaqudgha.
  4793 | Sewer    | Noticed Grinder
  4795 | Sewer    | Paralysed by Grinder for 3 turns
  4809 | Sewer    | Killed Grinder
  4810 | Sewer    | Reached skill level 5 in Hexes
  4810 | Sewer    | Reached XP level 7. HP: 35/36 MP: 11/17
  5696 | D:5      | Entered Level 5 of the Dungeon
  6165 | D:5      | Reached skill level 5 in Translocations
  6247 | D:5      | Reached XP level 8. HP: 41/41 MP: 9/18
  6958 | D:6      | Found Iczoonek's Distillery.
  6967 | D:6      | Bought a potion of magic for 88 gold pieces
  6967 | D:6      | Bought a potion of degeneration for 11 gold pieces
  7814 | D:6      | Found Disaoluh's Weapon Boutique.
  8086 | D:6      | Found Maapnunk's Antique Armour Boutique.
  8216 | D:6      | Found a staircase to the Ecumenical Temple.
  8324 | D:6      | Identified the +7 quarterstaff "Niwkang" {drain, Drain
                  | Str+3 Dex+2}
  8391 | Temple   | Entered the Ecumenical Temple
  8463 | Temple   | Became a worshipper of Vehumet
  8774 | D:7      | Reached XP level 9. HP: 23/45 MP: 12/19
  9081 | D:7      | Found Casit's Weapon Shop.
  9129 | D:7      | Found Diopnyl's General Store.
  9201 | D:7      | Identified the +1 robe "Mulyfepp" {*Corrode rElec rN+}
  9383 | D:7      | Reached skill level 10 in Hexes
  9452 | D:7      | You fall into a shaft and drop 3 floors!
  9452 | D:10     | Entered Level 10 of the Dungeon
  9465 | D:10     | Found a staircase to the Orcish Mines.
  9834 | D:10     | Identified a scroll of acquirement
  9836 | D:10     | Acquired a +2 buckler of protection
  9887 | D:10     | Reached skill level 1 in Shields
 10021 | D:9      | Noticed Erolcha
 10187 | D:10     | Reached XP level 10. HP: 45/50 MP: 14/20
 10188 | D:10     | Reached * piety under Vehumet
 10188 | D:10     | Offered knowledge of Freeze by Vehumet.
 11064 | D:10     | Noticed a deep elf pyromancer
 11099 | D:9      | Reached skill level 5 in Dodging
 11535 | D:8      | Noticed Maggie
 11547 | D:8      | Killed Maggie
 11943 | D:8      | Noticed Prince Ribbit
 11953 | D:8      | Killed Prince Ribbit
 11971 | D:8      | Noticed Psyche
 11980 | D:8      | Killed Psyche
 11981 | D:8      | Reached skill level 1 in Armour
 12968 | D:8      | Noticed Maurice
 12989 | D:8      | Killed Maurice
 13008 | D:8      | Reached ** piety under Vehumet
 13141 | D:8      | Offered knowledge of Static Discharge by Vehumet.
 13443 | D:8      | Found a runed translucent door.
 13729 | D:8      | Found an ancient bone altar of Kikubaaqudgha.
 13738 | D:8      | Found a shimmering blue altar of Sif Muna.
 14004 | D:8      | Noticed a two-headed ogre
 15007 | D:9      | Found a staircase to the Lair.
 15030 | D:9      | Offered knowledge of Stone Arrow by Vehumet.
 15031 | D:9      | Reached XP level 11. HP: 49/54 MP: 18/25
 15714 | D:9      | Reached *** piety under Vehumet
 15731 | D:9      | Reached skill level 10 in Spellcasting
 15989 | D:9      | Noticed a wizard
 15995 | D:9      | Killed a wizard
 16149 | D:9      | Learned a level 2 spell: Blink
 16199 | D:9      | Killed Erolcha
 16598 | Lair:1   | Entered Level 1 of the Lair of Beasts
 16623 | Lair:1   | Offered knowledge of Sticky Flame by Vehumet.
 16634 | Lair:1   | Learned a level 4 spell: Sticky Flame
 16843 | Lair:1   | Reached skill level 5 in Armour
 16856 | Lair:1   | Acquired the amulet "Igeubaew" {Acrobat Will+ Dex+2}
 16886 | Lair:1   | Learned a level 1 spell: Corona
 16914 | Lair:1   | Noticed a six-headed hydra
 16924 | Lair:1   | Killed a six-headed hydra
 17165 | Lair:1   | Noticed an eight-headed hydra
 17175 | Lair:1   | Killed an eight-headed hydra
 17858 | Lair:1   | Noticed a seven-headed hydra
 17867 | Lair:1   | Killed a seven-headed hydra
 17873 | Lair:1   | Reached XP level 12. HP: 59/59 MP: 9/29
 18895 | Lair:2   | Identified the +7 spear "Fommuish" {vorpal, rElec MP+9
                  | Dex+4}
 19241 | Lair:2   | Noticed a four-headed hydra
 19248 | Lair:2   | Killed a four-headed hydra
 19362 | Lair:2   | Noticed a six-headed hydra
 19374 | Lair:2   | Killed a six-headed hydra
 19537 | Lair:2   | Found a hole to the Spider Nest.
 19543 | Lair:2   | Reached **** piety under Vehumet
 20431 | Lair:3   | Offered knowledge of Iskenderun's Battlesphere by Vehumet.
 20553 | Lair:3   | Noticed a five-headed hydra
 20563 | Lair:3   | Killed a five-headed hydra
 20564 | Lair:3   | Reached skill level 15 in Hexes
 20658 | Lair:3   | Reached skill level 10 in Conjurations
 21266 | Lair:3   | Found a hide-covered altar of Uskayaw.
 21642 | Lair:3   | Noticed Gastronok
 21655 | Lair:3   | Killed Gastronok
 22062 | Lair:4   | Reached XP level 13. HP: 63/63 MP: 30/30
 22359 | Lair:4   | Noticed Kirke
 22372 | Lair:4   | Noticed a sphinx
 22381 | Lair:4   | Killed Kirke
 23292 | Lair:4   | Found a staircase to the Shoals.
 24155 | Lair:5   | Noticed Urug
 24162 | Lair:5   | Killed Urug
 24780 | Lair:6   | Entered Level 6 of the Lair of Beasts
 24787 | Lair:6   | Reached ***** piety under Vehumet
 24791 | Lair:6   | Offered knowledge of Fireball by Vehumet.
 26262 | Lair:6   | Found a viscous altar of Jiyva.
 26262 | Lair:6   | Found a staircase to the Slime Pits.
 28178 | Lair:6   | Reached XP level 14. HP: 62/68 MP: 31/31
 28214 | Lair:6   | Learned a level 8 spell: Discord
 30212 | Orc:1    | Entered Level 1 of the Orcish Mines
 30332 | Orc:1    | Found Faase's Armour Shoppe.
 30343 | Orc:1    | Found Heoje Tayxt's General Store.
 30358 | Orc:1    | Bought 2 potions of heal wounds for 110 gold pieces
 30420 | Orc:1    | Bought a +0 pair of boots of stealth for 184 gold pieces
 30721 | Orc:1    | Found Laogaige's Jewellery Emporium.
 31047 | Orc:2    | Entered Level 2 of the Orcish Mines
 31226 | Orc:2    | Offered knowledge of Airstrike by Vehumet.
 31718 | Orc:2    | Noticed an orc warlord
 32028 | Orc:2    | Killed an orc warlord
 32536 | Orc:2    | Learned a level 4 spell: Cause Fear
 32601 | Orc:2    | Noticed Sonja
 32604 | Orc:2    | Killed Sonja
 32639 | Orc:2    | Noticed an orc warlord
 32650 | Orc:2    | Killed an orc warlord
 32663 | Orc:2    | HP: 3/68 [poisoned by an orc warlord]
 33475 | Orc:2    | Found Keutiggy's Weapon Shop.
 33693 | Orc:2    | Offered knowledge of Orb of Destruction by Vehumet.
 33756 | Orc:2    | Found Laqaan's Antique Weapon Shoppe.
 34024 | Orc:2    | Acquired the Disquisition on Displacement
 35277 | Orc:2    | Found a staircase to the Elven Halls.
 35391 | Orc:2    | Found Cukit's General Store.
 35395 | Orc:2    | Bought a potion of curing for 39 gold pieces
 35395 | Orc:2    | Bought a potion of resistance for 130 gold pieces
 35451 | Orc:2    | Found Defraovi's General Store.
 35457 | Orc:2    | Bought a scroll of fear for 52 gold pieces
 35457 | Orc:2    | Bought a scroll of identify for 30 gold pieces
 35486 | Orc:2    | Reached XP level 15. HP: 72/72 MP: 32/32
 35789 | Orc:2    | Bought the ring "Pakkyrac" {Fly rC+ Dex+5} for 630 gold
                  | pieces
 35840 | Orc:1    | Bought the Guide on the Earthen Snowflakes for 506 gold
                  | pieces
 35991 | Spider:1 | Entered Level 1 of the Spider Nest
 36433 | Lair:2   | Learned a level 7 spell: Orb of Destruction
 37378 | Spider:1 | Offered knowledge of Bolt of Magma by Vehumet.
 37754 | Spider:1 | Reached skill level 1 in Fire Magic
 38926 | Spider:2 | Reached skill level 2 in Fire Magic
 39369 | Spider:2 | Reached skill level 3 in Fire Magic
 39930 | Spider:2 | Reached skill level 4 in Fire Magic
 39987 | Spider:2 | Noticed Arachne
 40017 | Spider:2 | Killed Arachne
 40018 | Spider:2 | Reached skill level 15 in Conjurations
 40839 | Spider:1 | Killed a ghost moth
 41465 | Spider:2 | Reached skill level 5 in Fire Magic
 41876 | Spider:2 | Identified the +8 long sword "Tocotrud" {holy, rF+ Str+4}
 42500 | Spider:3 | Reached skill level 6 in Fire Magic
 43159 | Spider:3 | Reached XP level 16. HP: 76/76 MP: 27/35
 43219 | Spider:3 | Learned a level 5 spell: Bolt of Magma
 43546 | Spider:3 | Offered knowledge of Eringya's Noxious Bog by Vehumet.
 43547 | Spider:3 | Reached skill level 1 in Earth Magic
 44322 | Spider:3 | Reached skill level 7 in Fire Magic
 44459 | Spider:4 | Entered Level 4 of the Spider Nest
 45166 | Spider:4 | Reached ****** piety under Vehumet
 45830 | Spider:4 | Noticed Louise
 45838 | Spider:4 | Killed Louise
 45839 | Spider:4 | Reached skill level 8 in Fire Magic
 46527 | Spider:4 | Identified the +6 scale mail "Delo" {Harm Will- rCorr}
 46689 | Spider:4 | Reached skill level 5 in Earth Magic
 47424 | Spider:3 | Reached skill level 9 in Fire Magic
 48352 | Spider:4 | Offered knowledge of Lightning Bolt by Vehumet.
 48920 | Orc:1    | Bought a ring of see invisible for 195 gold pieces
 49590 | Spider:3 | Reached skill level 10 in Fire Magic
 52716 | Spider:4 | Got a gossamer rune of Zot
 53772 | D:11     | Got the Reference Book on Evil Clay
 53875 | D:11     | HP: 1/76 [manticore (10)]
 55291 | D:12     | Reached skill level 11 in Fire Magic
 55405 | D:12     | Found Saygiec's Weapon Shop.
 55731 | D:12     | Found the +2 robe of Vines {NoPotionHeal Regen+++}
 55849 | D:12     | Reached XP level 17. HP: 80/80 MP: 30/36
 56176 | D:12     | Found the +8 glaive of the Guard {elec, spectral, AC+5}
 56795 | D:12     | Offered knowledge of Ignition by Vehumet.
 56880 | Lair:1   | Learned a level 8 spell: Ignition
 57014 | D:12     | Reached skill level 5 in Shields
 57016 | D:12     | Identified the +11 morningstar "Myusiy" {vorpal, Fly rPois}
 58561 | D:13     | Reached skill level 12 in Fire Magic
 59292 | D:13     | Found a gate to the Vaults.
 59816 | D:13     | Got Okelutwe's Tome of Nature
 60121 | D:14     | Noticed Agnes
 60128 | D:14     | Killed Agnes
 61366 | D:14     | Identified the +9 scythe of Termination {pain, rF+ Will+
                  | Dex+3}
 61602 | D:14     | You fall into a shaft and drop 1 floor!
 61602 | D:15     | Entered Level 15 of the Dungeon
 62826 | D:14     | Found a snail-covered altar of Cheibriados.
 62938 | D:14     | Reached skill level 13 in Fire Magic
 63247 | D:15     | Found a staircase to the Depths.
 64217 | Shoals:1 | Entered Level 1 of the Shoals
 65045 | Shoals:2 | Reached skill level 10 in Shields
 65046 | Shoals:2 | Found the +3 pair of seven-league boots {Rampage+∞}
 66186 | Shoals:2 | Reached skill level 14 in Fire Magic
 66440 | Shoals:2 | Reached XP level 18. HP: 85/85 MP: 37/37
 68802 | Shoals:4 | Entered Level 4 of the Shoals
 69143 | Shoals:3 | Identified the +7 dagger of Chance {holy, Contam Will+
                  | rCorr Str+3}
 70302 | Shoals:3 | Reached skill level 15 in Fire Magic
 71170 | Shoals:4 | Offered knowledge of Fire Storm by Vehumet.
 71170 | Shoals:4 | Offered knowledge of Chain Lightning by Vehumet.
 71170 | Shoals:4 | Offered knowledge of Polar Vortex by Vehumet.
 72705 | Shoals:4 | Got a barnacled rune of Zot
 73420 | Shoals:4 | Got the Incunabulum of Flying Beguiling
 74419 | Vaults:1 | Entered Level 1 of the Vaults
 74617 | Vaults:1 | Reached skill level 16 in Fire Magic
 75928 | Vaults:1 | Reached XP level 19. HP: 89/89 MP: 26/38
 76599 | Vaults:1 | Reached skill level 17 in Fire Magic
 76651 | Vaults:1 | Noticed Aizul
 76658 | Vaults:1 | Killed Aizul
 79194 | Vaults:2 | Reached skill level 18 in Fire Magic
 81332 | Vaults:3 | Reached skill level 19 in Fire Magic
 84335 | Vaults:3 | Reached skill level 20 in Fire Magic
 85316 | Vaults:3 | Reached XP level 20. HP: 44/94 MP: 35/39
 85788 | Vaults:3 | Found a staircase to the Crypt.
 87140 | Vaults:4 | Reached skill level 21 in Fire Magic
 89832 | Vaults:4 | Reached skill level 22 in Fire Magic
 90100 | Vaults:5 | Entered Level 5 of the Vaults
 90102 | Vaults:5 | Noticed an ancient lich
 90105 | Vaults:5 | Noticed a dread lich
 90449 | Vaults:5 | Noticed a dread lich
 90458 | Vaults:4 | Killed a dread lich
 90781 | Vaults:5 | Noticed an ancient lich
 90785 | Vaults:5 | Noticed a golden dragon
 91445 | Vaults:4 | Killed a dread lich
 91446 | Vaults:4 | Reached skill level 23 in Fire Magic
 91902 | Vaults:4 | Killed an ancient lich
 91903 | Vaults:4 | Reached XP level 21. HP: 74/98 MP: 39/40
 92184 | Vaults:5 | Killed a golden dragon
 92185 | Vaults:5 | Killed an ancient lich
 92194 | Vaults:5 | Noticed a golden dragon
 92202 | Vaults:5 | Killed a golden dragon
 92207 | Vaults:5 | Reached skill level 24 in Fire Magic
 92682 | Vaults:5 | Noticed an ancient lich
 93294 | Vaults:5 | Shot with a bolt by a yaktaur captain

Illustrated notes

Levels and vault maps discovered:
D:1:      dpeg_arrival_windows_large_door, layout_rooms, serial_glass,
          glass_columns_b, glass_columns_a
D:2:      layout_rooms, dreamdust_ecumenical_altar_hidden_monk_grotto
D:3:      layout_basic, minmay_tree_intersection
D:4:      layout_cave_pools, portal_sewer_entry_b, serial_rivers,
          chequers_serial_rivers_small_a, chequers_serial_rivers_large_a,
          chequers_serial_rivers_small_a, chequers_serial_rivers_micro_e,
          chequers_serial_rivers_room_b, serial_bayou_pond_b, roderic_batcave
D:5:      layout_cave_pods
D:6:      layout_loops_ring, minmay_temple_entry_nine_rooms, serial_shops,
          nicolae_shop_trees, shop, nicolae_lakefront_shop, moated_statue
D:7:      layout_rooms, serial_shops, shop, nicolae_shop_crystal
D:8:      layout_loops_corners, mainiacjoe_overflow_swirl, nicolae_water_bricks,
          corexii_checkpoint_a, lightli_church_of_beogh, uniq_psyche,
          uniq_maggie, uniq_prince_ribbit1, uniq_maurice
D:9:      layout_rooms, lair_entry_dummy, grunt_potential, uniq_erolcha
D:10:     layout_gridville, david_orc_1_choice, hangedman_minor_magic
D:11:     layout_irregular_city
D:12:     minmay_guarded_unrand_guard, layout_gridville, serial_shops, shop,
          hellmonk_guarded_unrand_vines
D:13:     layout_loops_ring, hangedman_vaults_entry_quadrant_bands,
          minmay_misc_feat_columns, introduction_to_nature_2
D:14:     minmay_spotlight, layout_irregular_city, minivault_19, slow_altar_1,
          uniq_agnes
D:15:     hangedman_depths_entry_civil_slaughter, layout_basic, chequers_garden
Temple:   regret_index_temple_chain_breaker
Lair:1:   layout_cave_pods
Lair:2:   layout_cave_pods, dummy_spider_entry,
          grunt_forest_small_clearing_treed, minmay_lair_oklob_chamber
Lair:3:   layout_cave_pods, basic_altar, serial_bayou_pond_b, uniq_gastronok
Lair:4:   layout_cave_pods, minmay_shoals_entry_hut, uniq_kirke
Lair:5:   layout_regular_city, uniq_urug
Lair:6:   evilmike_catoblepas_cave, layout_hall_layers,
          dpeg_slime_entry_enclosed_altar
Shoals:1: layout_shoals, nicolae_shoals_nautilus_by_nature
Shoals:2: layout_shoals
Shoals:3: layout_shoals
Shoals:4: shoals_end_grunt_ice, layout_shoals
Spider:1: layout_spider_delve
Spider:2: nicolae_spider_hilbert_zone_6 [nicolae_spider_hilbert_4_sides_1_open,
          nicolae_spider_hilbert_4_sides_1_open,
          nicolae_spider_hilbert_4_sides_1_open,
          nicolae_spider_hilbert_4_sides_1_open,
          nicolae_spider_hilbert_4_sides_1_open,
          nicolae_spider_hilbert_4_sides_1_open,
          nicolae_spider_hilbert_4_sides_1_open], spiders_nest_hornet_nest,
          uniq_arachne
Spider:3: layout_spider_delve, spiders_nest_spider_trap
Spider:4: guppyfry_spider_rune, nicolae_spider_jagged_tunnels, uniq_louise
Orc:1:    layout_caves, serial_shops, shop, shop, shop, basic_altar,
          statue_in_the_mist_lemuel, nicolae_orc_damp_corner
Orc:2:    pubby_orc_utopia, uniq_sonja
Vaults:1: nicolae_vaults_arrows, vaults_dpeg_hooks, nicolae_vaults_angled_halls,
          v_alt_pattern_1, vaults_room_grunt_arrival_ludios,
          hangedman_vaults_impose, nicolae_vaults_windows_and_doors_thing,
          layout_vaults_omnigrid, uniq_aizul
Vaults:2: ontoclasm_vaults_ring_large, nicolae_vaults_network_square,
          vaults_standard_mumra_x, v_misc_3,
          hangedman_vaults_stretched_pinwheel, v_misc_19, v_misc_1,
          nicolae_vaults_little_squares_5, vaults_mumra_chevron_long, v_misc_14,
          vaults_room_ringed_pool, vaults_room_grunt_arrival_checkpoint,
          layout_vaults_omnicross
Vaults:3: ontoclasm_vaults_tryst, hangedman_vaults_river_flow,
          ontoclasm_vaults_misaligned, nicolae_vaults_branching_niches,
          minmay_crypt_entry_simple_plaza, v_misc_13, v_misc_12, v_misc_12,
          v_misc_26, grunt_vaults_diagonal, v_misc_10, v_rooms_6,
          nicolae_vaults_little_squares_1, vaults_dpeg_diagonal, serial_ice_m,
          nicolae_vaults_little_squares_3, layout_vaults_ring
Vaults:4: hangedman_vaults_snaps, vaults_dpeg_cross, hangedman_vaults_cutoff,
          nicolae_vaults_an_arrangement, v_misc_11, v_misc_30,
          layout_vaults_chaotic_city
Vaults:5: serial_shops

Skill      XL: |  1  2  3  4  5  6  7  8  9 10 11 12 13 14 15 16 17 18 19 20 21 |
---------------+----------------------------------------------------------------+-----
Spellcasting   | 4 5 8 11 13 | 13.9
Conjurations   | 5 6 7 10 13 14 15 | 15.6
Hexes          | 1 5 6 9 11 13 15 18 20 21 | 21.4
Translocations | 1 4 5 7 9 |  9.6
Shields        | 3 4 10 12 | 12.6
Dodging        | 7 |  7.3
Armour         | 3 5 |  5.0
Fire Magic     | 6 11 14 16 20 23 24 | 24.2
Earth Magic    | 9 |  9.7
Stealth        | |  2.4

Action                   |  1- 3 |  4- 6 |  7- 9 | 10-12 | 13-15 | 16-18 | 19-21 || total
-------------------------+-------+-------+-------+-------+-------+-------+-------++-------
Melee: Falchion          |       |    10 |     1 |    18 |       |       |       ||    29
       Spear             |       |       |       |    11 |    29 |   154 |    49 ||   243
 Cast: Magic Dart        |    94 |    91 |   127 |   127 |   234 |    45 |     3 ||   721
       Searing Ray       |       |    14 |    44 |   100 |   193 |    79 |    25 ||   455
       Fulminant Prism   |       |       |     7 |    54 |    85 |    49 |    21 ||   216
       Iskenderun's Myst |       |       |     8 |    39 |   153 |   168 |    98 ||   466
       Sticky Flame      |       |       |       |     2 |     2 |     1 |       ||     5
       Blink             |       |       |       |     2 |       |     2 |       ||     4
       Corona            |       |       |       |       |     5 |       |       ||     5
       Discord           |       |       |       |       |     7 |    10 |    29 ||    46
       Orb of Destructio |       |       |       |       |    60 |   361 |   185 ||   606
       Bolt of Magma     |       |       |       |       |       |    62 |    40 ||   102
       Ignition          |       |       |       |       |       |     1 |    17 ||    18
Evoke: Wand              |       |       |       |     3 |     2 |    10 |     2 ||    17
       Condenser vane    |       |       |       |       |       |     1 |       ||     1
  Use: Scroll            |       |     8 |     8 |     5 |    12 |     8 |     5 ||    46
       Potion            |       |       |       |       |     2 |     7 |    13 ||    22
Armor: Robe              |       |     8 |    16 |    27 |       |       |       ||    51
       Acid dragon scale |       |       |       |    11 |   141 |   211 |    61 ||   424
Dodge: Dodged            |     4 |    20 |    43 |   107 |   326 |   441 |   199 ||  1140
Block: Buckler           |       |       |       |    50 |   205 |   291 |   128 ||   674
       Rpst.: Falchion   |       |     4 |     2 |    21 |       |       |       ||    27
